 Dungeon Crawl Stone Soup version 0.27-a0-249-g74f53ef629 (console) character file.

Game seed: 10626364739286778601

17091 jejorda2 the Severer (level 12, -8/100 HPs)
             Began as a Hill Orc Gladiator on Feb 3, 2021.
             Was a High Priest of Trog.
             Mangled by a boulder beetle (38 damage)
             ... on level 11 of the Dungeon.
             The game lasted 00:32:00 (13985 turns).

jejorda2 the Severer (Hill Orc Gladiator)          Turns: 13985, Time: 00:32:01

Health: -8/100     AC: 20    Str: 22    XL:     12   Next: 44%
Magic:  12/12      EV:  9    Int: 11    God:    Trog [*****.]
Gold:   838        SH:  0    Dex: 12    Spells: 11/11 levels left

rFire    + . .     SeeInvis .   a - +0 battleaxe
rCold    . . .     Faith    .   (shield currently unavailable)
rNeg     . . .     Spirit   .   I - +0 chain mail {rF+}
rPois    +         Reflect  .   N - +2 helmet {Int+3}
rElec    .         Harm     .   (no cloak)
rCorr    .         Rampage  .   h - +2 pair of gloves
Will     .....                  r - +2 pair of boots
Stlth    ..........             (no amulet)
HPRegen  0.26/turn              k - ring of poison resistance
MPRegen  0.13/turn              C - ring of flight

@: berserk cooldown, slowed, very slow
A: no striking features
a: Renounce Religion, Evoke Flight, Berserk, Trog's Hand, Brothers in Arms


You were on level 11 of the Dungeon.
You worshipped Trog.
Trog was extremely pleased with you.
You visited 2 branches of the dungeon, and saw 12 of its levels.
You also visited: Bailey.

You collected 838 gold pieces.

Inventory:

Hand Weapons
 a - a +0 battleaxe (weapon)
 t - a +1 war axe
 y - a +0 dire flail
 M - a +0 halberd
Missiles
 b - 368 stones
 d - 2 throwing nets
 H - 42 poisoned darts (quivered)
Armour
 h - a +2 pair of gloves (worn)
 r - a +2 pair of boots (worn)
 I - a +0 chain mail of fire resistance (worn)
 N - a +2 helmet of intelligence (worn)
Jewellery
 k - a ring of poison resistance (left hand)
 C - a ring of flight (right hand)
Wands
 e - a wand of paralysis (3)
 q - a wand of charming (15)
 w - a wand of iceblast (8)
Scrolls
 g - 4 scrolls of enchant weapon
 s - 6 scrolls of remove curse
 u - 5 scrolls of teleportation
 x - 2 scrolls of immolation
 K - a scroll of fear
Potions
 f - 4 potions of resistance
 i - a potion of heal wounds
 j - 3 potions of might
 l - a potion of haste {unknown}
 m - 2 potions of curing
 n - 3 potions of lignification
 o - a potion of attraction
 v - 2 potions of berserk rage
 z - 3 potions of mutation
 A - 2 potions of flight
 B - a potion of magic {unknown}
 F - a potion of degeneration {unknown}
 G - a potion of ambrosia
Miscellaneous
 D - a condenser vane
 E - a phantom mirror
 L - a tin of tremorstones (2/2)


   Skills:
 + Level 7.2 Fighting
 - Level 20.0 Axes
 - Level 1.7 Throwing
 + Level 7.1 Armour
 + Level 3.7 Dodging
 * Level 5.7 Evocations


You had 11 spell levels left.
You didn't know any spells.
Your spell library contained the following spells:

 Spells                   Type           Power        Failure   Level
 Corona                   Hex            0%           94%         1
 Ensorcelled Hibernation  Hex/Ice        0%           98%         2
 Passwall                 Tmut/Erth      0%           98%         2
 Swiftness                Air            0%           98%         2
 Confusing Touch          Hex            0%           100%        3
 Dazzling Flash           Conj/Hex       0%           100%        3
 Tukima's Dance           Hex            0%           100%        3
 Passage of Golubria      Tloc           N/A          100%        4
 Lee's Rapid Deconstruct  Erth           0%           100%        5
 Invisibility             Hex            0%           100%        6


Dungeon Overview and Level Annotations

Branches:
Dungeon (11/15)            Temple (1/1) D:5            Lair (0/6) D:11
    Orc (0/2) D:10         Bailey (visited)

Altars:
Ashenzari
Dithmenos
Elyvilon
Fedhas
Gozag
Kikubaaqudgha
Nemelex Xobeh
Okawaru
Ru
Sif Muna
Trog
Vehumet
The Shining One

Shops:
D:5 }


Message History

You kill the ogre!
Trog accepts your kill.
You slash the hound!
You kill the hound!
Trog accepts your kill. The boulder beetle bites you!
* * * LOW HITPOINT WARNING * * *
You slash the boulder beetle!
The boulder beetle is heavily wounded.
The boulder beetle leaps!
The sky beast flickers out of sight!
Deactivating autopickup; reactivate with Ctrl-A.
You closely miss something.
The boulder beetle curls into a ball and begins rolling!
Something hits you but does no damage.
You chop something into pieces!!! Trog accepts your kill.
Reactivating autopickup.
You feel a bit more experienced. The boulder beetle hits you!!!
You die...

#### *,,* ...# **,*
...#**** ####+#####
...+,,,**#........#
...#**,,*#........#
...# **,*#...°°...#
...# *,,+.....°).#
...# ***#).....B.#
...# *######@##
#### ####.# ##
#.○..# .#
######'#### )##
#...B...>.# ..####
#.........# .....#
#†......(.# ..##.#
#.........#
..##.###.........#


You could see a boulder beetle.

Vanquished Creatures
  Josephine (D:10)
  5 two-headed ogres
  An unseen horror (D:10)
  2 orc knights (Bailey)
  A deep elf pyromancer (D:7)
  An ugly thing (D:11)
  Maurice (D:10)
  Psyche (D:8)
  A hornet (D:10)
  2 trolls
  The ghost of scarywalker64 the Digger, an amateur GrEE (D:4)
  Sigmund (D:2)
  3 wyverns
  9 yaks
  4 wraiths (D:10)
  3 steam dragons (D:8)
  Grum (D:9)
  2 wargs (D:10)
  An ice beast (D:11)
  8 orc warriors
  5 sky beasts
  3 wolves (D:9)
  A hornet zombie (D:7)
  3 necrophages
  8 ogres
  4 centaurs
  2 phantoms (D:5)
  Blork the orc (D:5)
  2 big kobolds
  4 bullfrogs
  A scorpion (D:6)
  5 killer bees (D:9)
  16 wights
  2 howler monkeys
  A centaur zombie (D:6)
  4 orc priests
  4 jellies
  2 quasits
  2 gnoll shamans
  6 hounds
  2 bullfrog skeletons
  6 centaur skeletons
  3 iguanas
  Ijyb (D:5)
  6 orc wizards
  4 worker ants
  A hound zombie (D:8)
  Robin (D:2)
  11 gnolls
  16 adders
  3 shadow imps
  4 white imps
  5 ufetubi
  5 oozes
  An adder zombie (D:4)
  3 worms
  3 dart slugs
  6 leopard geckos
  52 orcs
  3 ball pythons
  3 bats
  3 giant cockroaches
  14 goblins
  15 hobgoblins
  14 jackals
  13 kobolds
  4 quokkas
  5 frilled lizards
  A giant cockroach zombie (D:5)
  A jackal zombie (D:4)
  A quokka skeleton (D:4)
  2 quokka zombies
  5 rats
342 creatures vanquished.

Vanquished Creatures (collateral kills)
  2 yaks (D:10)
  2 orc warriors (Bailey)
  An orc (D:10)
5 creatures vanquished.

Vanquished Creatures (others)
  A hound skeleton (D:7)
1 creature vanquished.

Grand Total: 348 creatures vanquished

Notes
Turn   | Place    | Note
-------+----------+-------------------------------------------
     0 | D:1      | jejorda2 the Hill Orc Gladiator began the quest for the
                  | Orb.
     0 | D:1      | Reached XP level 1. HP: 18/18 MP: 1/1
   140 | D:1      | Reached XP level 2. HP: 24/25 MP: 2/2
   198 | D:1      | Reached skill level 1 in Armour
   338 | D:2      | Reached XP level 3. HP: 18/31 MP: 3/3
   457 | D:2      | Reached skill level 5 in Axes
   545 | D:2      | Found a shimmering blue altar of Sif Muna.
   684 | D:3      | Reached XP level 4. HP: 38/38 MP: 4/4
  1134 | D:3      | Found a faded altar of an unknown god.
  1187 | D:4      | Reached skill level 6 in Axes
  1187 | D:4      | Reached XP level 5. HP: 25/46 MP: 5/5
  1401 | D:4      | Noticed an ogre
  1410 | D:4      | Killed an ogre
  1411 | D:4      | Reached XP level 6. HP: 52/52 MP: 6/6
  1506 | D:4      | You fall into a shaft and drop 2 floors!
  1516 | D:6      | Reached skill level 7 in Axes
  1530 | D:5      | Entered Level 5 of the Dungeon
  1726 | D:5      | Reached XP level 7. HP: 33/60 MP: 7/7
  1926 | D:5      | Noticed Ijyb
  1941 | D:4      | Found a runed translucent gate.
  1941 | D:4      | Found a runed translucent gate.
  1949 | D:4      | Found a runed translucent gate.
  1953 | D:4      | Noticed scarywalker64's ghost (amateur GrEE)
  2046 | D:4      | Reached skill level 5 in Fighting
  2046 | D:4      | Reached skill level 8 in Axes
  2434 | D:4      | Found an iron altar of Okawaru.
  2862 | D:5      | Killed Ijyb
  2900 | D:5      | Found an opulent altar of Gozag.
  2941 | D:5      | Found Panalone's Gadget Boutique.
  2967 | D:5      | Found a staircase to the Ecumenical Temple.
  2981 | Temple   | Entered the Ecumenical Temple
  3000 | Temple   | Became a worshipper of Trog the Wrathful
  3624 | D:2      | Reached * piety under Trog
  3635 | D:2      | Noticed Robin
  3646 | D:2      | Killed Robin
  3709 | D:2      | Noticed Sigmund
  3712 | D:2      | Reached skill level 9 in Axes
  3720 | D:2      | Killed Sigmund
  3721 | D:2      | Reached XP level 8. HP: 70/70 MP: 8/8
  4611 | D:4      | Killed scarywalker64's ghost
  4612 | D:4      | Reached skill level 5 in Armour
  4723 | D:5      | Reached skill level 10 in Axes
  4896 | D:5      | Found a white marble altar of Elyvilon.
  4896 | D:5      | Found a radiant altar of Vehumet.
  4896 | D:5      | Found a sacrificial altar of Ru.
  4896 | D:5      | Found a blossoming altar of Fedhas.
  5042 | D:5      | Noticed Blork the orc
  5049 | D:5      | Killed Blork the orc
  5308 | D:6      | Reached ** piety under Trog
  5493 | D:6      | Reached skill level 11 in Axes
  5686 | D:6      | You fall into a shaft and drop 3 floors!
  5732 | D:9      | Noticed a troll
  5743 | D:9      | Killed a troll
  5744 | D:9      | Reached skill level 12 in Axes
  5744 | D:9      | Reached XP level 9. HP: 75/75 MP: 9/9
  6150 | D:8      | Noticed Psyche
  6161 | D:8      | Killed Psyche
  6162 | D:8      | Reached skill level 13 in Axes
  6571 | D:7      | Reached skill level 14 in Axes
  6718 | D:7      | Found a glowing golden altar of the Shining One.
  6942 | D:7      | Reached *** piety under Trog
  7058 | D:7      | Reached XP level 10. HP: 80/83 MP: 10/10
  7213 | D:7      | Noticed a deep elf pyromancer
  7219 | D:7      | Noticed a two-headed ogre
  7222 | D:7      | Reached skill level 15 in Axes
  7234 | D:7      | Killed a two-headed ogre
  7236 | D:7      | Killed a deep elf pyromancer
  7237 | D:7      | Reached skill level 16 in Axes
  8411 | D:8      | Noticed a two-headed ogre
  8424 | D:8      | Killed a two-headed ogre
  8585 | D:8      | Reached skill level 17 in Axes
  9225 | D:9      | Reached XP level 11. HP: 89/89 MP: 11/11
  9400 | D:9      | Noticed Grum
  9407 | D:9      | Killed Grum
  9407 | D:9      | Reached **** piety under Trog
  9517 | D:9      | Reached skill level 18 in Axes
  9677 | D:9      | Got a pitted whip
  9679 | D:9      | Identified the +3 whip "Impslayer" {vorpal, rPois MP+9
                  | Stlth+} (You found it on level 9 of the Dungeon)
 10385 | D:10     | Entered Level 10 of the Dungeon
 10385 | D:10     | Noticed a two-headed ogre
 10404 | D:9      | Killed a two-headed ogre
 10844 | D:10     | Noticed Josephine
 10860 | D:10     | Killed Josephine
 10861 | D:10     | Reached skill level 19 in Axes
 11001 | D:10     | Noticed Maurice
 11035 | D:10     | Killed Maurice
 11359 | D:10     | Killed an unseen horror
 11780 | D:10     | Reached skill level 20 in Axes
 12089 | D:10     | Noticed a two-headed ogre
 12097 | D:10     | Killed a two-headed ogre
 12098 | D:10     | Reached XP level 12. HP: 96/96 MP: 12/12
 12292 | D:10     | Found a staircase to the Orcish Mines.
 12576 | D:11     | Found a flagged portal.
 12673 | Bailey   | Entered a bailey
 12866 | Bailey   | Reached ***** piety under Trog
 13084 | Bailey   | Identified the +6 plate armour of Qohedd {rF- Int+7}
 13618 | D:11     | Reached skill level 5 in Evocations
 13884 | D:11     | Noticed a two-headed ogre
 13890 | D:11     | Killed a two-headed ogre
 13968 | D:11     | Noticed a boulder beetle
 13985 | D:11     | Mangled by a boulder beetle

Illustrated notes

Levels and vault maps discovered:
D:1:      minmay_arrival_radiant_lines, layout_loops_ring
D:2:      layout_rooms, old_standard_altar, uniq_sigmund, uniq_robin
D:3:      layout_basic, chequers_ecumenical_altar_simple_redux
D:4:      cheibrodos_helix_gallery, layout_loops_ring,
          gammafunk_ghost_necromancy, okawaru_metal_pillars_1_2
D:5:      layout_basic, grunt_temple_overflow_cloverleaf,
          minmay_temple_entry_offerings, serial_shops, nicolae_shop_crystal,
          roderic_roman_lattice, grunt_gozag_breadcrumbs, uniq_blork_the_orc,
          uniq_ijyb
D:6:      layout_loops_cross
D:7:      minmay_blocky_corners, layout_basic, tso_oasis_becter
D:8:      cheibrodos_steamvent, layout_rooms, hangedman_decor_growths,
          uniq_psyche
D:9:      layout_grid_maze, special_room [special_room_orc], uniq_grum
D:10:     layout_gridville, david_orc_1_choice, eino_tiny_chamber,
          kennysheep_generic_room_14, uniq_maurice, uniq_josephine
D:11:     layout_roguey, erik_lair_dragon, enter_bailey_3
Temple:   nicolae_temple_elliptical

Skill      XL: |  1  2  3  4  5  6  7  8  9 10 11 12 |
---------------+-------------------------------------+-----
Armour         | 1 2 3 4 6 7 |  7.1
Fighting       | 3 4 5 6 7 |  7.2
Axes           | 5 6 7 9 12 14 17 20 | 20.0
Evocations     | 3 5 |  5.7
Dodging        | 3 |  3.7
Throwing       | |  1.7

Action                   |  1- 3 |  4- 6 |  7- 9 | 10-12 || total
-------------------------+-------+-------+-------+-------++-------
Melee: War axe           |    84 |   111 |   415 |   319 ||   929
       Battleaxe         |       |       |     1 |   240 ||   241
       Halberd           |       |       |       |    15 ||    15
Throw: Throwing net      |     3 |     1 |     1 |     2 ||     7
       Stone             |       |       |    37 |    13 ||    50
       Dart              |       |       |       |     2 ||     2
Invok: Berserk           |       |       |     3 |    12 ||    15
       Trog's Hand       |       |       |     1 |     4 ||     5
       Brothers in Arms  |       |       |       |     1 ||     1
Evoke: Wand              |       |       |       |     4 ||     4
  Use: Scroll            |       |     9 |    11 |     9 ||    29
       Potion            |       |       |       |     5 ||     5
 Stab: Held in net/web   |       |     2 |       |       ||     2
Armor: Chain mail        |    57 |    92 |   257 |   327 ||   733
Dodge: Dodged            |    32 |    41 |   151 |   217 ||   441

Table legend: (Time is in decaauts)
 A = Elapsed time spent in this place.
 B = Non-inter-level travel time spent in this place.
 C = Inter-level travel time spent in this place.
 D = Time resting spent in this place.
 E = Time spent auto-exploring this place.
 F = Levels seen in this place.
 G = Mean time per level.
                   A        B        C        D        E       F      G
               +--------+--------+--------+--------+--------+-----+--------+
         Total |  14028 |  13139 |    889 |   1735 |   8848 |  13 | 1079.1 |
       Dungeon |  13127 |  12253 |    874 |   1286 |   8688 |  11 | 1193.4 |
        Temple |     34 |     19 |     15 |      0 |     13 |   1 |   34.0 |
        Bailey |    866 |    866 |      0 |    448 |    147 |   1 |  866.0 |
               +--------+--------+--------+--------+--------+-----+--------+

Top non-repeatable levels by time:
     D:9: 1952 daAuts
    D:10: 1776 daAuts
     D:4: 1421 daAuts
     D:6: 1308 daAuts
     D:7: 1281 daAuts
     D:5: 1196 daAuts
     D:3: 1078 daAuts
     D:8: 902 daAuts
     D:2: 874 daAuts
  Bailey: 866 daAuts
     D:1: 752 daAuts
    D:11: 583 daAuts
  Temple: 34 daAuts
